 Dungeon Crawl Stone Soup version 0.31-a0-1278-g11c5b68f87 (console) character file.

Game seed: 5886488759457229727

27906 jejorda2 the Cleaver (level 13, 0/104 HPs)
             Began as a Gnoll Berserker on Dec 17, 2023.
             Was a High Priest of Trog.
             Succumbed to a cane toad's poison
             ... on level 3 of the Lair of Beasts on Dec 18, 2023.
             The game lasted 00:37:39 (15355 turns).

jejorda2 the Cleaver (Gnoll Berserker)             Turns: 15355, Time: 00:37:39

Health: 0/104      AC: 22    Str: 24    XL:     13   Next: 35%
Magic:  25/25      EV: 11    Int:  7    God:    Trog [*****.]
Gold:   498        SH:  0    Dex: 15    Spells: 28/28 levels left

rFire   + + .        a - +0 broad axe (venom)
rCold   . . .        (no shield)
rNeg    . . .        G - +2 plate armour {rF+}
rPois   .            q - +0 helmet
rElec   .            D - +2 cloak
rCorr   .            I - +0 pair of gloves
SInv    +            (no boots)
Will    +++..        e - amulet of faith Stlth
                     d - ring of protection from fire
HPRegen 1.37/turn    m - ring of Fifurot {Will+ Str+3 Dex+3 SInv}
MPRegen 0.19/turn

%: faith
@: lethally poisoned (0 -> -9), strong-willed, regenerating
A: fangs 1, strong nose, distributed training
a: Renounce Religion, Berserk, Trog's Hand, Brothers in Arms


You were on level 3 of the Lair of Beasts.
You worshipped Trog.
Trog was extremely pleased with you.
You visited 2 branches of the dungeon, and saw 14 of its levels.
You also visited: Sewer.

You collected 2016 gold pieces.
You spent 1518 gold pieces at shops.

Inventory:

Hand Weapons
 a - a +0 broad axe of venom (weapon)
 b - a +0 dire flail
 w - the +8 mace "Iqiguoh" {drain, Fly rElec Stlth+}
   (You found it on level 2 of the Dungeon)

   rElec:     It insulates you from electricity.
   Fly:       It grants you flight.
   Stlth+:    It makes you more stealthy.
Missiles
 g - 11 javelins
 t - 4 silver javelins
 y - 31 poisoned darts
 F - 20 boomerangs (quivered)
 H - 2 curare-tipped darts
 Q - 3 throwing nets
Armour
 q - a +0 helmet (worn)
 D - a +2 cloak (worn)
 G - a +2 plate armour of fire resistance (worn)
 I - a +0 pair of gloves (worn)
Jewellery
 d - a ring of protection from fire (left hand)
 e - an amulet of faith (around neck)
 m - the ring of Fifurot (right hand) {Will+ Str+3 Dex+3 SInv}
   (You found it on level 2 of the Dungeon)

   [ring of see invisible]

   Str+3:     It affects your strength (+3).
   Dex+3:     It affects your dexterity (+3).
   Will+:     It increases your willpower.
   SInv:      It lets you see invisible.
Wands
 u - a wand of polymorph (18)
 M - a wand of digging (6)
 O - a wand of roots (11)
 P - a wand of paralysis (7)
Scrolls
 c - a scroll of fear
 i - 3 scrolls of summoning
 j - 2 scrolls of immolation
 k - 3 scrolls of enchant weapon
 n - a scroll of poison
 B - 2 scrolls of fog
 E - 3 scrolls of revelation
 J - a scroll of brand weapon
 L - 2 scrolls of blinking
 N - a scroll of enchant armour
 R - a scroll of teleportation
Potions
 f - a potion of lignification {unknown}
 h - 3 potions of heal wounds
 l - a potion of resistance {unknown}
 o - a potion of magic {unknown}
 p - 2 potions of attraction
 r - a potion of berserk rage {unknown}
 s - 4 potions of curing
 v - 3 potions of haste
 x - 2 potions of ambrosia
 z - 3 potions of invisibility
 A - 2 potions of mutation {unknown}
 C - 8 potions of might
 K - 3 potions of enlightenment


   Skills:
 + Level 10.6 Fighting
 + Level 8.3 Short Blades
 + Level 8.3 Long Blades
 + Level 10.6 Axes
 + Level 8.3 Maces & Flails
 + Level 8.3 Polearms
 + Level 8.3 Staves
 + Level 8.3 Ranged Weapons
 + Level 8.3 Throwing
 + Level 9.6 Armour
 + Level 9.6 Dodging
 + Level 8.3 Stealth
 + Level 8.3 Shields
 + Level 8.3 Unarmed Combat
 + Level 8.3 Spellcasting
 + Level 7.0 Conjurations
 + Level 7.0 Hexes
 + Level 7.0 Summonings
 + Level 7.0 Necromancy
 + Level 7.0 Translocations
 + Level 7.0 Transmutations
 + Level 7.0 Fire Magic
 + Level 7.0 Ice Magic
 + Level 7.0 Air Magic
 + Level 7.0 Earth Magic
 + Level 7.0 Poison Magic
 + Level 9.1 Invocations
 + Level 8.3 Evocations
 + Level 7.6 Shapeshifting


You had 28 spell levels left.
You didn't know any spells.
Your spell library was empty.

Dungeon Overview and Level Annotations

Branches:
Dungeon (11/15)            Temple (0/1) D:7            Lair (3/5) D:9
  Swamp (0/4) Lair:2       Spider (0/4) Lair:2          Orc (0/2) D:11
  Sewer (visited)

Altars:
Ashenzari
Dithmenos
Fedhas
Kikubaaqudgha
Qazlal
Xom
Zin
The Shining One

Shops:
D:1 [   D:9 *   D:10 *


Innate Abilities, Weirdness & Mutations

You have very sharp teeth.
Your uncanny sense of smell can sniff out nearby items.
Your experience applies equally to all skills.


Message History

You feel sick. The cane toad closely misses you.
The cane toad barely misses you.
You slash the cane toad!
The cane toad looks as sick as possible!
You punch the cane toad, but do no damage.
The cane toad is heavily wounded.
You feel sick.
The cane toad stings you but does no damage.
You barely miss the cane toad.
The cane toad is heavily wounded.
You feel sick. The cane toad barely misses you.
You barely miss the cane toad.
The cane toad is heavily wounded.
You feel sick. The cane toad stings you.
You slash the cane toad!
The cane toad is severely wounded.
You feel sick. The cane toad barely misses you. The cane toad stings you.
You are more poisoned.
The cane toad poisons you!
You barely miss the cane toad.
You bite the cane toad, but do no damage.
The cane toad is severely wounded.
You feel very sick.
The cane toad stings you but does no damage.
You barely miss the cane toad.
You bite the cane toad, but do no damage.
The cane toad is almost dead.
You feel very sick. The cane toad stings you!
* * * LOW HITPOINT WARNING * * *
You are lethally poisoned!
The cane toad poisons you!
Unknown command.
You feel better. The cane toad stings you!
* * * LOW HITPOINT WARNING * * *
You are lethally poisoned!
The cane toad poisons you!
Your skin crawls.
You feel strong-willed.
You die...

#.............P#..!..##
#.....................#
#....................#
##............###.....#
..P.........###
#.....## ...........##
##......## ...?......##
#........# ..........#
##P....... #.....#.@##
#######.. P.......F#
#.. .P####...? ##. .
#P##.. ## ## ... # #...
.... .>... ..


You could see a cane toad (very poisoned).

Vanquished Creatures
  An eleionoma (Lair:2)
  Josephine (Lair:3)
  Harold (Lair:2)
  A hydra (Lair:2)
  A centaur warrior (D:10)
  A two-headed ogre (D:11)
  Nergalle (D:11)
  A manticore (D:8)
  6 elephants (Lair:3)
  A cyclops (D:10)
  A torpor snail (Lair:2)
  A black mamba (Lair:1)
  5 cane toads (Lair:2)
  3 unseen horrors
  A kobold demonologist (D:10)
  A rime drake (Lair:1)
  5 komodo dragons
  A wind drake (D:6)
  A polar bear (Lair:2)
  2 hornets
  5 dream sheep (Lair:2)
  4 blink frogs (Lair:1)
  Sigmund (D:4)
  2 shadows
  3 wraiths (Lair:3)
  3 wyverns
  28 yaks
  A steam dragon (D:9)
  3 basilisks
  Menkaure (D:6)
  A two-headed ogre zombie (D:11)
  2 acid dragons
  10 water moccasins
  Duvessa (D:4)
  2 ice beasts
  2 black bears
  3 ogres
  3 orc warriors
  2 sky beasts (D:7)
  A centaur (D:8)
  3 phantoms
  6 kobold brigands
  10 bullfrogs
  4 necrophages (Lair:2)
  2 gnoll sergeants
  7 scorpions
  6 wights
  A troll zombie (D:11)
  Dowan (D:4)
  3 howler monkeys
  2 electric eels
  5 jellies
  2 hounds (D:4)
  A gnoll bouda (D:9)
  6 orc priests
  Ijyb (D:4)
  3 iguanas
  2 sleepcaps
  Natasha (thrice) (D:2)
  10 orc wizards
  6 ogre zombies (D:11)
  8 gnolls
  11 adders
  3 shadow imps
  3 white imps
  4 ufetubi (D:6)
  5 worms
  34 orcs
  15 ball pythons
  5 bats
  7 endoplasms
  9 giant cockroaches
  5 gnoll zombies (D:11)
  6 goblins
  7 hobgoblins
  4 jackals (D:3)
  4 quokkas
  6 frilled lizards
  4 gnoll skeletons (D:11)
  40 kobolds
  10 kobold skeletons (D:10)
  8 kobold zombies (D:10)
  2 orc skeletons (D:11)
  14 orc zombies (D:11)
  25 rats
437 creatures vanquished.

Vanquished Creatures (collateral kills)
  Urug (D:10)
  Grinder (D:6)
  A vampire (D:10)
  A scorpion (D:6)
  2 gnolls (D:10)
6 creatures vanquished.

Grand Total: 443 creatures vanquished

Notes
Turn   | Place    | Note
-------+----------+-------------------------------------------
     0 | D:1      | jejorda2 the Gnoll Berserker began the quest for the Orb.
     0 | D:1      | Reached XP level 1. HP: 23/23 MP: 1/1
   272 | D:1      | Found Reuxessuth's Antique Armour Shoppe.
   275 | D:1      | Reached XP level 2. HP: 29/29 MP: 2/2
   610 | D:1      | Reached ** piety under Trog
   658 | D:1      | Reached XP level 3. HP: 31/35 MP: 3/3
   898 | D:2      | Found a glowing silver altar of Zin.
   967 | D:2      | Reached skill level 1 in Invocations
   975 | D:2      | Identified the ring of Fifurot {Will+ Str+3 Dex+3 SInv}
  1106 | D:2      | Noticed Natasha
  1116 | D:2      | Reached skill level 1 in Short Blades
  1116 | D:2      | Reached skill level 1 in Long Blades
  1116 | D:2      | Reached skill level 1 in Maces & Flails
  1116 | D:2      | Reached skill level 1 in Polearms
  1116 | D:2      | Reached skill level 1 in Staves
  1116 | D:2      | Reached skill level 1 in Ranged Weapons
  1116 | D:2      | Reached skill level 1 in Throwing
  1116 | D:2      | Reached skill level 1 in Stealth
  1116 | D:2      | Reached skill level 1 in Shields
  1116 | D:2      | Reached skill level 1 in Unarmed Combat
  1116 | D:2      | Reached skill level 1 in Spellcasting
  1116 | D:2      | Reached skill level 1 in Evocations
  1120 | D:2      | Killed Natasha
  1121 | D:2      | Reached skill level 1 in Shapeshifting
  1121 | D:2      | Reached XP level 4. HP: 6/41 MP: 5/5
  1259 | D:2      | Noticed Natasha
  1284 | D:2      | Killed Natasha
  1285 | D:2      | Reached skill level 1 in Conjurations
  1285 | D:2      | Reached skill level 1 in Hexes
  1285 | D:2      | Reached skill level 1 in Summonings
  1285 | D:2      | Reached skill level 1 in Necromancy
  1285 | D:2      | Reached skill level 1 in Translocations
  1285 | D:2      | Reached skill level 1 in Transmutations
  1285 | D:2      | Reached skill level 1 in Fire Magic
  1285 | D:2      | Reached skill level 1 in Ice Magic
  1285 | D:2      | Reached skill level 1 in Air Magic
  1285 | D:2      | Reached skill level 1 in Earth Magic
  1285 | D:2      | Reached skill level 1 in Poison Magic
  1482 | D:2      | Identified the +8 mace "Iqiguoh" {drain, Fly rElec Stlth+}
  1495 | D:2      | Noticed Natasha
  1500 | D:2      | Killed Natasha
  1501 | D:2      | Reached XP level 5. HP: 45/47 MP: 5/7
  1580 | D:3      | Found a glowing golden altar of the Shining One.
  1584 | D:3      | Found a shimmering altar of Xom.
  1785 | D:3      | Found a shadowy altar of Dithmenos.
  1788 | D:3      | Found a broken altar of Ashenzari.
  1866 | D:3      | Found a faded altar of an unknown god.
  1876 | D:3      | Reached *** piety under Trog
  2134 | D:3      | Reached XP level 6. HP: 38/53 MP: 8/8
  2387 | D:4      | Noticed Ijyb
  2393 | D:4      | Killed Ijyb
  2394 | D:4      | Reached skill level 5 in Armour
  2394 | D:4      | Reached skill level 5 in Dodging
  2502 | D:4      | Noticed Dowan
  2519 | D:4      | Killed Dowan
  2520 | D:4      | Reached XP level 7. HP: 59/59 MP: 10/10
  2562 | D:4      | Noticed Duvessa
  2576 | D:4      | Killed Duvessa
  2994 | D:4      | Noticed Sigmund
  2999 | D:4      | Killed Sigmund
  3199 | D:5      | Entered Level 5 of the Dungeon
  3275 | D:5      | Reached XP level 8. HP: 47/67 MP: 12/12
  3468 | D:5      | Found a glowing drain.
  3472 | Sewer    | Entered a sewer
  3543 | Sewer    | Reached **** piety under Trog
  4670 | D:1      | Bought a runed cloak for 217 gold pieces
  4838 | D:6      | Noticed Menkaure
  4967 | D:6      | Reached XP level 9. HP: 65/73 MP: 14/14
  5083 | D:6      | Identified a scroll of acquirement
  5083 | D:6      | Acquired 1025 gold pieces
  5098 | D:6      | Noticed Grinder
  5104 | D:6      | Killed Grinder
  5141 | D:6      | Noticed Jeremiah
  5218 | D:6      | Killed Menkaure
  5365 | D:1      | Bought a shiny plate armour for 754 gold pieces
  5365 | D:1      | Bought an embroidered scarf for 232 gold pieces
  5365 | D:1      | Bought a pair of gloves for 130 gold pieces
  5571 | D:6      | Jeremiah changed into Jeremiah the wind drake
  5571 | D:6      | Noticed Jeremiah
  5600 | D:6      | Killed Jeremiah the wind drake
  5964 | D:6      | Reached skill level 5 in Invocations
  6571 | D:7      | Found a staircase to the Ecumenical Temple.
  6661 | D:7      | Reached XP level 10. HP: 80/80 MP: 17/17
  6680 | D:7      | Found a blossoming altar of Fedhas.
  6913 | D:7      | Reached skill level 5 in Short Blades
  6913 | D:7      | Reached skill level 5 in Long Blades
  6913 | D:7      | Reached skill level 5 in Maces & Flails
  6913 | D:7      | Reached skill level 5 in Polearms
  6913 | D:7      | Reached skill level 5 in Staves
  6913 | D:7      | Reached skill level 5 in Ranged Weapons
  6913 | D:7      | Reached skill level 5 in Throwing
  6913 | D:7      | Reached skill level 5 in Stealth
  6913 | D:7      | Reached skill level 5 in Shields
  6913 | D:7      | Reached skill level 5 in Unarmed Combat
  6913 | D:7      | Reached skill level 5 in Spellcasting
  6913 | D:7      | Reached skill level 5 in Evocations
  7565 | D:8      | Acquired the amulet "Ypsyonir" {Regen+ rCorr Str+4 Stlth+}
  7616 | D:8      | Paralysed by a hornet for 1 turns
  7668 | D:8      | Noticed a manticore
  7782 | D:8      | Killed a manticore
  8477 | D:9      | Found Copros's Assorted Antiques.
  8495 | D:9      | Reached ***** piety under Trog
  8615 | D:9      | Found a staircase to the Lair.
  8724 | D:9      | Reached skill level 5 in Shapeshifting
  9123 | D:9      | Paralysed by a hornet for 1 turns
  9435 | D:10     | Entered Level 10 of the Dungeon
  9460 | D:10     | Noticed an unseen horror
  9467 | D:10     | Killed an unseen horror
  9600 | D:10     | Reached XP level 11. HP: 87/87 MP: 19/19
  9662 | D:10     | Found an ancient bone altar of Kikubaaqudgha.
  9671 | D:10     | Noticed a soul eater
  9674 | D:10     | Reached skill level 5 in Conjurations
  9674 | D:10     | Reached skill level 5 in Hexes
  9674 | D:10     | Reached skill level 5 in Summonings
  9674 | D:10     | Reached skill level 5 in Necromancy
  9674 | D:10     | Reached skill level 5 in Translocations
  9674 | D:10     | Reached skill level 5 in Transmutations
  9674 | D:10     | Reached skill level 5 in Fire Magic
  9674 | D:10     | Reached skill level 5 in Ice Magic
  9674 | D:10     | Reached skill level 5 in Air Magic
  9674 | D:10     | Reached skill level 5 in Earth Magic
  9674 | D:10     | Reached skill level 5 in Poison Magic
  9997 | D:10     | Found Faretut's CLEARANCE SALE!.
 10000 | D:10     | Bought a scroll of blinking for 30 gold pieces
 10000 | D:10     | Bought a wand of digging (6) for 100 gold pieces
 10004 | D:10     | Noticed a cyclops
 10018 | D:10     | Killed a cyclops
 10018 | D:10     | Received a gift from Trog
 10054 | D:10     | Found an ancient bone altar of Kikubaaqudgha.
 10090 | D:10     | Found a stormy altar of Qazlal.
 10091 | D:10     | Noticed a centaur warrior
 10104 | D:10     | Killed a centaur warrior
 10242 | D:10     | Noticed Urug
 10264 | D:10     | Killed Urug
 10621 | D:10     | Noticed Psyche
 10624 | D:10     | Psyche changed into Psyche the water moccasin
 10624 | D:10     | Noticed Psyche
 10629 | D:10     | Killed Psyche the water moccasin
 10782 | D:9      | Bought a scroll labelled ZIEXZY RUAST for 29 gold pieces
 10782 | D:9      | Bought a glowing inky potion for 26 gold pieces
 10870 | D:11     | Found a staircase to the Orcish Mines.
 11179 | D:11     | Noticed Nergalle
 11189 | D:11     | Killed Nergalle
 11513 | D:11     | Noticed a two-headed ogre
 11522 | D:11     | Killed a two-headed ogre
 11523 | D:11     | Reached XP level 12. HP: 97/97 MP: 22/22
 11910 | Lair:1   | Entered Level 1 of the Lair of Beasts
 12984 | Lair:2   | Found a hole to the Spider Nest.
 12994 | Lair:2   | Reached skill level 10 in Fighting
 12994 | Lair:2   | Reached skill level 10 in Axes
 13104 | Lair:2   | Noticed an eleionoma
 13104 | Lair:2   | Found a staircase to the Swamp.
 13109 | Lair:2   | Noticed a six-headed hydra
 13110 | Lair:2   | Killed an eleionoma
 13176 | Lair:2   | Killed a six-headed hydra
 13369 | Lair:2   | Reached ****** piety under Trog
 13717 | Lair:2   | Reached XP level 13. HP: 93/103 MP: 24/24
 14080 | Lair:2   | Received a gift from Trog
 14100 | Lair:2   | Noticed Harold
 14121 | Lair:2   | Killed Harold
 14722 | Lair:3   | Noticed Josephine
 14728 | Lair:3   | Killed Josephine
 15354 | Lair:3   | HP: 3/104 [cane toad (15)]
 15355 | Lair:3   | Succumbed to a cane toad's poison

Illustrated notes

Levels and vault maps discovered:
D:1:      saegor_arrival_simple_c, layout_loops_ring, serial_shops, shop
D:2:      layout_rooms, basic_altar, uniq_natasha
D:3:      layout_loops_ring, nicolae_overflow_two_pavilions,
          grunt_temple_overflow_open, hellmonk_ecumenical_altar_zigzags,
          grunt_ministairs_6
D:4:      layout_cave_pools, uniq_ijyb, uniq_sigmund, uniq_duvessa
D:5:      layout_loops_corners, gup_sewer_entry_bowl
D:6:      layout_basic, serial_library_hellmonk_hallway_a, uniq_grinder,
          uniq_menkaure, uniq_jeremiah
D:7:      layout_basic, mainiacjoe_overflow_surrounded_room,
          minmay_temple_entry_stoned_glass
D:8:      layout_loops_corners
D:9:      layout_roguey, david_lair_shrubbed, serial_shops,
          nicolae_take_the_stairs
D:10:     wander_kiku_kobolds, layout_long_grid, hangedman_feature_mirror,
          kennysheep_path_1, nicolae_shop_clearance, uniq_urug, uniq_psyche
D:11:     layout_roguey, zombieorc2_lemuel, uniq_nergalle
Lair:1:   layout_cave_shapes, serial_bayou_shore_a, lemuel_fruit_fields,
          infiniplex_staircase_pool_2
Lair:2:   layout_big_grid, alex1729_swamp_entry_worm_eleionoma,
          nicolae_spider_entry_non_spiders, chequers_serial_rivers_micro_e,
          roderic_carrion_pond, chequers_serial_rivers_large_b,
          beast_lair_carwin_3, uniq_harold
Lair:3:   layout_cave_pods, beast_lair_carwin_11, uniq_josephine

Skill      XL: |  1  2  3  4  5  6  7  8  9 10 11 12 13 |
---------------+----------------------------------------+-----
Invocations    | 1 2 3 4 5 6 7 8 9 |  9.1
Short Blades   | 1 2 3 4 5 7 8 |  8.3
Long Blades    | 1 2 3 4 5 7 8 |  8.3
Maces & Flails | 1 2 3 4 5 7 8 |  8.3
Polearms       | 1 2 3 4 5 7 8 |  8.3
Staves         | 1 2 3 4 5 7 8 |  8.3
Ranged Weapons | 1 2 3 4 5 7 8 |  8.3
Throwing       | 1 2 3 4 5 7 8 |  8.3
Stealth        | 1 2 3 4 5 7 8 |  8.3
Shields        | 1 2 3 4 5 7 8 |  8.3
Unarmed Combat | 1 2 3 4 5 7 8 |  8.3
Spellcasting   | 1 2 3 4 5 7 8 |  8.3
Evocations     | 1 2 3 4 5 7 8 |  8.3
Shapeshifting  | 1 2 3 4 5 6 7 |  7.6
Conjurations   | 1 2 3 4 5 6 7 |  7.0
Hexes          | 1 2 3 4 5 6 7 |  7.0
Summonings     | 1 2 3 4 5 6 7 |  7.0
Necromancy     | 1 2 3 4 5 6 7 |  7.0
Translocations | 1 2 3 4 5 6 7 |  7.0
Transmutations | 1 2 3 4 5 6 7 |  7.0
Fire Magic     | 1 2 3 4 5 6 7 |  7.0
Ice Magic      | 1 2 3 4 5 6 7 |  7.0
Air Magic      | 1 2 3 4 5 6 7 |  7.0
Earth Magic    | 1 2 3 4 5 6 7 |  7.0
Poison Magic   | 1 2 3 4 5 6 7 |  7.0
Armour         | 5 6 7 8 9 |  9.6
Dodging        | 5 6 7 8 9 |  9.6
Fighting       | 7 8 9 10 | 10.6
Axes           | 7 8 9 10 | 10.6

Action                     |  1- 3 |  4- 6 |  7- 9 | 10-12 | 13-15 || total
---------------------------+-------+-------+-------+-------+-------++-------
  Melee: Hand axe          |   117 |    24 |       |       |       ||   141
         Bite              |     7 |     6 |    24 |    73 |    28 ||   138
         Punch             |     2 |       |       |    23 |    18 ||    43
         Mace              |       |    46 |    53 |     7 |       ||   106
         War axe           |       |    25 |   189 |   229 |       ||   443
         Broad axe         |       |       |       |   288 |   151 ||   439
         Dire flail        |       |       |       |     5 |       ||     5
  Throw: Boomerang         |       |       |       |     8 |     4 ||    12
         Javelin           |       |       |       |     4 |       ||     4
 Invoke: Berserk           |     1 |     3 |     9 |    14 |     4 ||    31
         Trog's Hand       |       |     1 |     7 |     5 |     2 ||    15
         Brothers in Arms  |       |       |       |     1 |       ||     1
  Evoke: Wand              |       |       |     2 |     1 |       ||     3
    Use: Scroll            |       |       |    17 |    10 |       ||    27
         Potion            |       |       |     1 |       |     1 ||     2
   Stab: Sleeping          |     2 |     6 |       |       |       ||     8
         Distracted        |       |       |     2 |       |       ||     2
 Armour: Animal skin       |    46 |    55 |       |       |       ||   101
         Leather armour    |       |     6 |    87 |       |       ||    93
         Plate armour      |       |       |    87 |   517 |   171 ||   775
  Dodge: Dodged            |    58 |    65 |   171 |   320 |    97 ||   711

Table legend: (Time is in decaauts)
 A = Elapsed time spent in this place.
 B = Non-inter-level travel time spent in this place.
 C = Inter-level travel time spent in this place.
 D = Time resting spent in this place.
 E = Time spent auto-exploring this place.
 F = Levels seen in this place.
 G = Mean time per level.
                   A        B        C        D        E       F      G
               +--------+--------+--------+--------+--------+-----+--------+
         Total |  15832 |  14535 |   1297 |   2229 |   9468 |  15 | 1055.5 |
       Dungeon |  11932 |  10876 |   1056 |   1735 |   7040 |  11 | 1084.7 |
          Lair |   3604 |   3363 |    241 |    454 |   2316 |   3 | 1201.3 |
         Sewer |    295 |    295 |      0 |     39 |    111 |   1 |  295.0 |
               +--------+--------+--------+--------+--------+-----+--------+

Top non-repeatable levels by time:
  Lair:2: 1690 daAuts
     D:5: 1578 daAuts
     D:8: 1452 daAuts
    D:10: 1320 daAuts
  Lair:1: 1317 daAuts
     D:9: 1144 daAuts
     D:3: 1112 daAuts
    D:11: 1100 daAuts
     D:2: 985 daAuts
     D:6: 897 daAuts
     D:1: 849 daAuts
     D:7: 805 daAuts
     D:4: 687 daAuts
  Lair:3: 596 daAuts
   Sewer: 295 daAuts
